 Dungeon Crawl Stone Soup version 0.32-a0-132-g2d33c3cfaf (webtiles) character file.

Game seed: 18025153265566152273

88444 antlorb the Peltast (level 15, -19/141 HPs)
             Began as a Minotaur Fighter on Feb 8, 2024.
             Was the Champion of Uskayaw.
             Demolished by a white ugly thing (28 damage)
             ... on level 14 of the Dungeon on Feb 9, 2024.
             The game lasted 00:37:38 (25502 turns).

antlorb the Peltast (Minotaur Fighter)             Turns: 25502, Time: 00:37:39

Health: -19/141    AC: 27    Str: 28    XL:     15   Next: 46%
Magic:  23/23      EV: 13    Int:  5    God:    Uskayaw [******]
Gold:   2462       SH: 13    Dex: 10    Spells: 14/14 levels left

rFire   . . .        H - +2 broad axe (flame)
rCold   . . .        N - +0 kite shield
rNeg    + . .        p - +2 plate armour
rPois   .            (helmet restricted)
rElec   .            c - +0 cloak
rCorr   .            x - +0 pair of gloves
SInv    .            e - +3 pair of seven-league boots {Rampage+∞}
Will    +....        u - amulet of faith Stlth
                     r - ring of positive energy
HPRegen 0.43/turn    w - +5 ring of evasion
MPRegen 0.18/turn

%: rampage+∞, faith
@: studying Short Blades
A: horns 2, retaliatory headbutt
a: Renounce Religion, Stomp, Line Pass, Grand Finale


You were on level 14 of the Dungeon.
You worshipped Uskayaw.
Uskayaw was pleased with you.
You visited 3 branches of the dungeon, and saw 20 of its levels.
You also visited: Sewer.

You collected 2852 gold pieces.
You spent 390 gold pieces at shops.

Inventory:

Hand Weapons
 s - a +0 battleaxe of venom
 H - a +2 broad axe of flaming (weapon)
Missiles
 g - 2 throwing nets (quivered)
Armour
 c - a +0 cloak (worn)
 e - the +3 pair of seven-league boots (worn) {Rampage+∞}
   (You found it in a sewer)

   Rampage+∞: When moving toward enemies, its wearer moves as far as possible,
   alerting their target en route.
 p - a +2 plate armour (worn)
 x - a +0 pair of gloves (worn)
 N - a +0 kite shield (worn)
Jewellery
 r - a ring of positive energy (left hand)
 u - an amulet of faith (around neck)
 w - a +5 ring of evasion (right hand)
 G - an amulet of the acrobat
 L - a +5 ring of evasion
Wands
 b - a wand of flame (21)
 q - a wand of mindburst (23)
 v - a wand of roots (26)
 y - a wand of digging (11)
 z - a wand of charming (7)
 M - a wand of quicksilver (5)
Scrolls
 h - a scroll of fog
 k - 3 scrolls of revelation
 l - a scroll of amnesia
 t - 6 scrolls of teleportation
 D - a scroll of enchant armour
 E - a scroll of silence
 F - a scroll of identify
 I - a scroll of immolation
 K - a scroll of fear
Potions
 a - 2 potions of magic
 d - 2 potions of enlightenment
 i - 5 potions of curing
 j - 7 potions of heal wounds
 m - 3 potions of brilliance
 n - 2 potions of invisibility
 o - 3 potions of mutation
 A - a potion of resistance {unknown}
 B - 3 potions of lignification
 C - 2 potions of ambrosia {unknown}
Miscellaneous
 J - a phial of floods


   Skills:
 + Level 15.6 Fighting
 + Level 15.4 Axes
 + Level 15.6 Armour
 + Level 15.6 Shields
 + Level 12.0 Invocations


You had 14 spell levels left.
You didn't know any spells.
Your spell library contained the following spells:

 Spells                   Type           Power      Damage    Failure   Level
 Foxfire                  Conj/Fire      0%         2x1d4     99%         1
 Sandblast                Erth           0%         2d4       99%         1
 Blink                    Tloc           0%         N/A       100%        2
 Call Imp                 Summ           0%         N/A       100%        2
 Lesser Beckoning         Tloc           0%         N/A       100%        2
 Momentum Strike          Conj/Tloc      0%         3d8       100%        2
 Scorch                   Fire           0%         2d5       100%        2
 Static Discharge         Conj/Air       0%         3-3/arc   100%        2
 Sublimation of Blood     Necr           0%         N/A       100%        2
 Volatile Blastmotes      Fire/Tloc      0%         2d10      100%        3
 Brom's Barrelling Bould  Conj/Erth      0%         2d3       100%        4
 Flame Wave               Conj/Fire      0%         2d4       100%        4
 Vhi's Electric Charge    Tloc/Air       0%         N/A       100%        4
 Arcjolt                  Conj/Air       0%         1d10      100%        5
 Fireball                 Conj/Fire      0%         3d3       100%        5
 Freezing Cloud           Conj/Ice/Air   0%         6-21      100%        5
 Iskenderun's Battlesphe  Conj           0%         2d6       100%        5
 Conjure Ball Lightning   Conj/Air       0%         3x3d6     100%        6
 Plasma Beam              Fire/Air       0%         2x1d10    100%        6
 Starburst                Conj/Fire      0%         6d3       100%        6
 Summon Cactus Giant      Summ           0%         N/A       100%        6
 Orb of Destruction       Conj           0%         9d5       100%        7
 Summon Hydra             Summ           0%         N/A       100%        7
 Shatter                  Erth           0%         3d5*      100%        9


Dungeon Overview and Level Annotations

Branches:
Dungeon (14/15)            Temple (1/1) D:5            Lair (5/5) D:10
  Swamp (0/4) Lair:2        Snake (0/4) Lair:2        Slime (0/5) Lair:5
    Orc (0/2) D:12         Vaults (0/5) D:13          Sewer (visited)

Altars:
Ashenzari
Cheibriados
Dithmenos
Elyvilon
Fedhas
Gozag
Hepliaklqana
Kikubaaqudgha
Makhleb
Nemelex Xobeh
Okawaru
Qazlal
Ru
Sif Muna
Trog
Uskayaw
Vehumet
Wu Jian
Xom
Yredelemnul
Zin
The Shining One
Jiyva

Shops:
D:5 (   D:9 :   D:11 *

Annotations:
D:9 4 transporters
Lair:4 exclusion: oklob plant


Innate Abilities, Weirdness & Mutations

You have a pair of horns on your head.
You reflexively headbutt those who attack you in melee.


Message History

Unknown command.
Unknown command.
You are too injured to fight recklessly!
Unknown command.
You are too injured to fight recklessly!
Unknown command.
You are too injured to fight recklessly!
Unknown command.
You are too injured to fight recklessly!
You hit the white ugly thing. You burn the white ugly thing.
You headbutt the white ugly thing.
The white ugly thing is lightly wounded.
You completely miss the white ugly thing.
You slash the red ugly thing! You burn the red ugly thing.
The white ugly thing closely misses you.
You block the red ugly thing's attack. The white ugly thing misses you.
You slash the white ugly thing! You burn the white ugly thing.
You headbutt the white ugly thing!
The white ugly thing is heavily wounded.
You closely miss the white ugly thing. You slice the red ugly thing!!
You burn the red ugly thing.
You block the white ugly thing's attack.
The red ugly thing gores you but does no damage.
The white ugly thing tail-slaps you but does no damage.
You slash the red ugly thing! You burn the red ugly thing.
You headbutt the red ugly thing.
You kill the red ugly thing!
You slash the white ugly thing! You burn the white ugly thing.
You kill the white ugly thing!
You slash the white ugly thing! You burn the white ugly thing.
The white ugly thing bites you! The white ugly thing freezes you!!
* * * LOW HITPOINT WARNING * * *
You hit the white ugly thing but do no damage.
You headbutt the white ugly thing!
The white ugly thing is almost dead.
The white ugly thing bites you!
* * * LOW HITPOINT WARNING * * *
The white ugly thing freezes you!!
You die...
Your body falls in perfect tune with the rhythm.

......# ... .....## ..
#.....#.. .....#.
....' ...# ...# #†u#
.... #@†# ..... #..#
..... #..# ......#..#
......#.(# #..####
......'..# #.....#
......#..#######.....#
####'##..............#
.....................#


You could see a white ugly thing.

Vanquished Creatures
  The ghost of anet the Zephyrmancer, a journeyman DrHu of Hepliaklqana (Lair:4)
  A minotaur (Lair:4)
  The ghost of Zaque the Fighter, a journeyman TrBr of Okawaru (D:10)
  An ettin (D:12)
  3 catoblepae
  A death knight (D:10)
  3 hydras
  3 vault guards (D:13)
  6 two-headed ogres
  7 boulder beetles
  18 death yaks
  3 centaur warriors
  A deep troll shaman (Lair:5)
  2 skysharks (Lair:4)
  7 ugly things
  3 cyclopes
  A deep elf pyromancer (D:10)
  2 manticores (D:14)
  10 black mambas
  17 elephants
  3 gargoyles
  2 torpor snails
  5 rime drakes
  14 cane toads
  2 kobold demonologists
  9 komodo dragons
  A tengu conjurer (D:13)
  7 trolls
  2 polar bears
  Prince Ribbit (D:5)
  5 blink frogs
  15 dream sheep
  4 hornets
  6 slime creatures
  A centaur simulacrum (D:14)
  12 spriggans (Lair:3)
  A shadow (D:12)
  2 wraiths
  Eustachio (D:6)
  5 wyverns
  62 yaks
  9 humans
  6 basilisks
  3 steam dragons
  Menkaure (D:5)
  5 vampire mosquitoes
  A swamp worm (Lair:2)
  5 acid dragons
  2 nagas (Lair:2)
  Pargi (Sewer)
  21 water moccasins
  A sky beast (D:6)
  2 ice beasts
  11 black bears
  14 orc warriors
  2 ogres
  4 boggarts
  16 wolves
  11 centaurs
  2 phantoms (D:6)
  A brain worm (Sewer)
  8 kobold brigands
  The ghost of confidenceinterval the Insei, an amateur SpSh (D:6)
  12 bullfrogs
  3 scorpions
  A gnoll sergeant (D:8)
  6 wights
  5 electric eels
  3 hounds
  2 jellies
  2 bombardier beetles
  A gnoll bouda (D:4)
  A sleepcap (D:6)
  A human skeleton (D:9)
  13 orc priests
  3 iguanas
  11 orc wizards
  3 hell rats
  Robin (D:3)
  19 gnolls
  6 river rats
  7 adders
  A white imp (D:6)
  4 ufetubi
  8 ribbon worms
  A dart slug (D:1)
  55 orcs
  4 endoplasms
  3 giant cockroaches (Sewer)
  11 hobgoblins
  2 jackals (D:3)
  8 quokkas
  14 ball pythons
  6 bats
  4 frilled lizards
  20 goblins
  17 kobolds
  2 rats
638 creatures vanquished.

Vanquished Creatures (others)
  A vault guard (D:13)
  A bullfrog (Lair:4)
2 creatures vanquished.

Grand Total: 640 creatures vanquished

Notes
Turn   | Place    | Note
-------+----------+-------------------------------------------
     0 | D:1      | antlorb the Minotaur Fighter began the quest for the Orb.
     0 | D:1      | Reached XP level 1. HP: 19/19 MP: 0/0
    86 | D:1      | Reached XP level 2. HP: 16/27 MP: 1/1
   678 | D:1      | Reached XP level 3. HP: 33/33 MP: 2/2
   867 | D:2      | Found a faded altar of an unknown god.
   949 | D:2      | Identified the +5 dagger "Omelette" {flame, ^Drain rF+
                  | Will+ Int+2}
  1046 | D:2      | Found a shimmering blue altar of Sif Muna.
  1690 | D:3      | Reached XP level 4. HP: 41/41 MP: 3/3
  1865 | D:3      | Found a glowing drain.
  1908 | Sewer    | Entered a sewer
  1911 | Sewer    | Noticed Pargi
  1913 | Sewer    | Reached XP level 5. HP: 45/47 MP: 4/4
  1924 | Sewer    | Killed Pargi
  1925 | Sewer    | Reached skill level 5 in Fighting
  1925 | Sewer    | Reached skill level 5 in Armour
  1925 | Sewer    | Reached skill level 5 in Shields
  1993 | Sewer    | Reached XP level 6. HP: 47/56 MP: 5/5
  2026 | Sewer    | Found the +3 pair of seven-league boots {Rampage+∞}
  2370 | D:3      | Noticed Robin
  2380 | D:3      | Killed Robin
  2449 | D:3      | Found a sparkling altar of Nemelex Xobeh.
  2791 | D:4      | Found an opulent altar of Gozag.
  2825 | D:4      | Found a bloodstained altar of Trog.
  2840 | D:4      | Reached skill level 5 in Axes
  2840 | D:4      | Reached XP level 7. HP: 14/62 MP: 6/6
  3625 | D:4      | Got the Incunabulum of the Coals and the Crater
  4024 | D:5      | Entered Level 5 of the Dungeon
  4061 | D:5      | Reached XP level 8. HP: 57/71 MP: 7/7
  4127 | D:5      | Found a staircase to the Ecumenical Temple.
  4140 | Temple   | Entered the Ecumenical Temple
  4243 | D:5      | Found a hide-covered altar of Uskayaw.
  4251 | D:5      | Became a worshipper of Uskayaw the Reveller
  4285 | D:5      | Reached * piety under Uskayaw
  4289 | D:5      | Reached ** piety under Uskayaw
  4312 | D:5      | Reached skill level 1 in Invocations
  4344 | D:5      | Reached *** piety under Uskayaw
  4415 | D:5      | Found a glowing golden altar of the Shining One.
  4423 | D:5      | Noticed Menkaure
  4426 | D:5      | Killed Menkaure
  4463 | D:5      | Found a sacrificial altar of Ru.
  4707 | D:5      | Found Faures's Antique Weapon Boutique.
  4832 | D:5      | Noticed Prince Ribbit
  4843 | D:5      | Killed Prince Ribbit
  5030 | D:6      | Found a shimmering altar of Xom.
  5078 | D:6      | Found a blossoming altar of Fedhas.
  5449 | D:5      | Identified a scroll of acquirement
  5449 | D:5      | Acquired 1074 gold pieces
  6102 | D:6      | Reached XP level 9. HP: 80/80 MP: 9/9
  6283 | D:6      | Reached **** piety under Uskayaw
  6292 | D:6      | Reached ***** piety under Uskayaw
  6303 | D:6      | Reached ****** piety under Uskayaw
  6595 | D:6      | Found a runed translucent door.
  6595 | D:6      | Noticed confidenceinterval's ghost (amateur SpSh)
  6650 | D:6      | Noticed Eustachio
  6661 | D:6      | Killed Eustachio
  7027 | D:6      | Killed confidenceinterval's ghost
  7392 | D:7      | Found a glowing silver altar of Zin.
  7392 | D:7      | Noticed an angel
  8036 | D:8      | Noticed a two-headed ogre
  8041 | D:8      | Killed a two-headed ogre
  8042 | D:8      | Reached XP level 10. HP: 51/91 MP: 12/12
  8261 | D:8      | Found a broken altar of Ashenzari.
  8435 | D:8      | Reached skill level 5 in Invocations
  8661 | D:8      | Found a stormy altar of Qazlal.
  8950 | D:9      | Found a transporter.
  8951 | D:9      | Found a transporter.
  9024 | D:9      | Found a transporter.
  9069 | D:9      | Found a runed translucent door.
  9073 | D:9      | Found a basalt altar of Yredelemnul.
  9380 | D:9      | Found a hazy altar of Hepliaklqana.
  9460 | D:9      | Found a white marble altar of Elyvilon.
  9677 | D:9      | Found a transporter.
  9727 | D:9      | Found Zesk's Book Boutique.
 10032 | D:10     | Entered Level 10 of the Dungeon
 10032 | D:10     | Found a runed translucent gate.
 10032 | D:10     | Found a runed translucent gate.
 10033 | D:10     | Found a runed translucent gate.
 10385 | D:10     | Noticed Zaque's ghost (journeyman TrBr)
 10387 | D:10     | Noticed a deep elf pyromancer
 10389 | D:10     | Noticed a death knight
 10440 | D:10     | Noticed a death yak
 10441 | D:10     | Found a staircase to the Lair.
 10441 | D:10     | Noticed a death yak
 10441 | D:10     | Noticed a death yak
 10467 | D:10     | Killed a death yak
 10468 | D:10     | Reached skill level 10 in Fighting
 10468 | D:10     | Reached skill level 10 in Shields
 10468 | D:10     | Killed a death yak
 10469 | D:10     | Reached skill level 10 in Armour
 10474 | D:10     | Killed a death yak
 10475 | D:10     | Reached skill level 10 in Axes
 10475 | D:10     | Reached XP level 11. HP: 37/101 MP: 14/14
 10816 | D:10     | Found a shimmering blue altar of Sif Muna.
 11237 | D:10     | Killed a death knight
 11237 | D:10     | Killed a deep elf pyromancer
 11248 | D:10     | Killed Zaque's ghost
 11372 | D:11     | Upgraded the game from 0.32-a0-128-g77eb882913 to
                  | 0.32-a0-132-g2d33c3cfaf
 11515 | D:11     | Found a transporter.
 11515 | D:11     | Noticed a boulder beetle
 11516 | D:11     | Found a transporter.
 11516 | D:11     | Noticed a boulder beetle
 11516 | D:11     | Noticed a boulder beetle
 11528 | D:11     | Noticed a two-headed ogre
 11536 | D:11     | Killed a two-headed ogre
 12074 | D:11     | Found Mommach's Assorted Antiques.
 12077 | D:11     | Bought a potion of curing for 90 gold pieces
 12077 | D:11     | Bought a potion of heal wounds for 150 gold pieces
 12077 | D:11     | Bought a translucent garnet amulet for 150 gold pieces
 12077 | D:11     | Identified the amulet of Xiesch {RegenMP Dex+4} (You bought
                  | it in a shop on level 11 of the Dungeon)
 12189 | D:11     | Noticed a two-headed ogre
 12197 | D:11     | Killed a two-headed ogre
 12466 | D:11     | Reached XP level 12. HP: 95/110 MP: 16/16
 12731 | D:11     | Killed a boulder beetle
 12742 | D:11     | Killed a boulder beetle
 12750 | D:11     | Killed a boulder beetle
 13251 | D:12     | Noticed a boulder beetle
 13266 | D:12     | Noticed a two-headed ogre
 13270 | D:12     | Killed a boulder beetle
 13274 | D:12     | Killed a two-headed ogre
 14692 | D:12     | Found a staircase to the Orcish Mines.
 14826 | D:12     | Noticed a boulder beetle
 14833 | D:12     | Killed a boulder beetle
 15034 | D:12     | Noticed an ettin
 15047 | D:12     | Killed an ettin
 15545 | Lair:1   | Entered Level 1 of the Lair of Beasts
 15765 | Lair:1   | Reached XP level 13. HP: 94/119 MP: 18/18
 15960 | Lair:1   | Got Cidgha Dibi's Grimoire of Bruises
 16982 | Lair:2   | Found a hide-covered altar of Uskayaw.
 16995 | Lair:2   | Found an ornate altar of the Wu Jian Council.
 17437 | Lair:2   | Identified the +3 leather armour "Focyakk" {Stlth+}
 17629 | Lair:2   | Found a staircase to the Swamp.
 18877 | Lair:2   | Found a staircase to the Snake Pit.
 19669 | Lair:3   | Found a gate leading to a gauntlet.
 20096 | Lair:3   | Reached skill level 10 in Invocations
 20968 | Lair:3   | Reached XP level 14. HP: 130/130 MP: 20/20
 22217 | Lair:4   | Found a runed translucent gate.
 22217 | Lair:4   | Found a runed translucent gate.
 22227 | Lair:4   | Found a runed translucent gate.
 22235 | Lair:4   | Noticed anet's ghost (journeyman DrHu)
 22514 | Lair:4   | Killed anet's ghost
 22611 | Lair:5   | Entered Level 5 of the Lair of Beasts
 22994 | Lair:5   | Found a viscous altar of Jiyva.
 22994 | Lair:5   | Found a staircase to the Slime Pits.
 23752 | Lair:5   | Reached skill level 15 in Shields
 23785 | Lair:5   | Reached skill level 15 in Fighting
 23785 | Lair:5   | Reached skill level 15 in Armour
 23892 | Lair:5   | Reached XP level 15. HP: 52/141 MP: 22/22
 24316 | Lair:5   | Reached skill level 15 in Axes
 25126 | D:13     | Found a gate to the Vaults.
 25502 | D:14     | Demolished by a white ugly thing

Illustrated notes

Levels and vault maps discovered:
D:1:      sevenhm_arrival_forest_fort_small_6, layout_loops_ring,
          item_on_display_a
D:2:      layout_basic, basic_altar, basic_ecumenical_altar
D:3:      layout_rooms, marbit_many_paths, serial_forest,
          infiniplex_forest_lined_1, infiniplex_forest_lined_room_2,
          infiniplex_forest_clump_medium, infiniplex_forest_lined_corner,
          infiniplex_forest_clump_small, infiniplex_forest_end_3,
          infiniplex_forest_zigzag_2, lightli_sewer_entry_pipes,
          kennysheep_generic_room_3, uniq_robin
D:4:      layout_basic, trog_ov_bears_minmay, nicolae_gozag_seed_capital,
          nicolae_letterblocks [nicolae_letter_subblock,
          nicolae_letter_subblock, nicolae_letter_subblock,
          nicolae_letter_subblock, nicolae_letter_subblock,
          nicolae_letter_subblock, nicolae_letter_subblock,
          nicolae_letter_subblock, nicolae_letter_subblock,
          nicolae_letter_subblock, nicolae_letter_subblock,
          nicolae_letter_subblock, nicolae_letter_subblock,
          nicolae_letter_subblock, nicolae_letter_subblock,
          nicolae_letter_subblock, nicolae_letter_subblock,
          nicolae_letter_subblock, nicolae_letter_subblock,
          nicolae_letter_subblock, nicolae_letter_subblock,
          nicolae_letter_subblock, nicolae_letter_subblock,
          nicolae_letter_subblock, nicolae_letter_subblock]
D:5:      layout_gridville, mainiacjoe_overflow_24_doors,
          mainiacjoe_overflow_alcove_1, kennysheep_mini,
          minmay_temple_entry_proselytizer, serial_shops, shop,
          uniq_prince_ribbit1, uniq_menkaure
D:6:      layout_loops_ring, xom_teletrap_fun, fedhas_bush_and_centaur_altar,
          ebering_ghost_sewer_d, serial_library_hellmonk_room_b, uniq_eustachio
D:7:      layout_gridville, zin_angel, minivault_23
D:8:      layout_cave_pods, mainiacjoe_overflow_cross_hatched,
          kennysheep_mini_moat, minivault_21
D:9:      layout_long_grid, mainiacjoe_overflow_concentric_impassable,
          lemuel_tele_altar, dk_yredelemnul_ordeal, serial_shops, shop,
          nicolae_diode_quadrants
D:10:     layout_irregular_city, lemuel_blue_sif_altar, dpeg_lair_monsters,
          gammafunk_ghost_split
D:11:     gammafunk_boulding_lane, layout_long_grid, special_room
          [special_room_orc], serial_shops, nicolae_shop_real_fake_doors
D:12:     layout_gridville, erik_orc_3, minmay_crystal_room,
          kennysheep_four_rooms
D:13:     layout_cave_pools, ximxim_vaults_locker_room
D:14:     layout_irregular_city, chequers_garden
Temple:   nicolae_temple_superstar
Lair:1:   layout_gridlike, beast_lair_carwin_3
Lair:2:   layout_cave_pods, nicolae_swamp_entry_splash_gauntlet,
          minmay_snake_entry_guardpost_large, nzn_masters_of_martial_movement,
          serial_bayou_shore_a, grunt_megastairs_2
Lair:3:   kb_forest_paths, layout_cave_pods, gauntlet_entry_generic,
          guppyfry_lair_drakes, lemuel_fruit_fields
Lair:4:   layout_misc_corridors, maelrawn_ghost_gauntlet_escape,
          grunt_forest_large_clearings, infiniplex_staircase_pool_2
Lair:5:   grunt_lair_end_beastmaster, layout_loops_ring,
          dpeg_slime_entry_enclosed

Skill      XL: |  1  2  3  4  5  6  7  8  9 10 11 12 13 14 15 |
---------------+----------------------------------------------+-----
Fighting       | 4 5 6 7 9 10 11 12 13 15 | 15.6
Armour         | 4 5 6 7 9 10 11 12 13 15 | 15.6
Shields        | 4 5 6 7 9 10 11 12 13 15 | 15.6
Axes           | 3 4 5 6 7 8 10 11 12 13 14 15 | 15.4
Invocations    | 2 4 6 7 9 10 11 12 | 12.0

Action                     |  1- 3 |  4- 6 |  7- 9 | 10-12 | 13-15 || total
---------------------------+-------+-------+-------+-------+-------++-------
  Melee: War axe           |   102 |   131 |   311 |   195 |       ||   739
         Headbutt          |     9 |    16 |    76 |   122 |   156 ||   379
         Battleaxe         |       |       |       |   234 |       ||   234
         Broad axe         |       |       |       |    29 |   667 ||   696
    Use: Scroll            |     5 |     2 |    10 |     4 |    12 ||    33
         Potion            |       |     2 |     1 |     1 |     7 ||    11
   Stab: Paralysed         |       |       |    15 |    73 |   114 ||   202
         Petrifying        |       |       |       |       |     2 ||     2
         Invisible         |       |       |       |       |     1 ||     1
 Armour: Scale mail        |    58 |       |       |       |       ||    58
         Plate armour      |     9 |   170 |   244 |   360 |   579 ||  1362
  Dodge: Dodged            |    52 |    46 |    84 |   213 |   271 ||   666
  Block: Buckler           |    26 |    41 |    58 |    57 |   196 ||   378
         Kite shield       |       |       |       |       |    35 ||    35

Table legend: (Time is in decaauts)
 A = Elapsed time spent in this place.
 B = Non-inter-level travel time spent in this place.
 C = Inter-level travel time spent in this place.
 D = Time resting spent in this place.
 E = Time spent auto-exploring this place.
 F = Levels seen in this place.
 G = Mean time per level.
                   A        B        C        D        E       F      G
               +--------+--------+--------+--------+--------+-----+--------+
         Total |  25745 |  24626 |   1119 |   6252 |  14800 |  21 | 1226.0 |
       Dungeon |  16354 |  15726 |    628 |   3702 |   9666 |  14 | 1168.1 |
        Temple |     66 |      0 |     66 |      0 |      0 |   1 |   66.0 |
          Lair |   9053 |   8629 |    424 |   2549 |   4942 |   5 | 1810.6 |
         Sewer |    271 |    271 |      0 |      0 |    192 |   1 |  271.0 |
               +--------+--------+--------+--------+--------+-----+--------+

Top non-repeatable levels by time:
    D:11: 2954 daAuts
  Lair:2: 2725 daAuts
  Lair:5: 1885 daAuts
  Lair:3: 1806 daAuts
     D:5: 1794 daAuts
  Lair:1: 1763 daAuts
    D:10: 1388 daAuts
     D:4: 1286 daAuts
    D:12: 1249 daAuts
     D:6: 1223 daAuts
     D:8: 1215 daAuts
     D:9: 1090 daAuts
     D:3: 923 daAuts
     D:2: 914 daAuts
  Lair:4: 872 daAuts
